 Dungeon Crawl Stone Soup version 0.18.1-50-g88ac8fd (webtiles) character file.

855 KarmaPolice the Skirmisher (level 8, -2/62 HPs)
             Began as a Human Berserker on Oct 4, 2016.
             Was a Priest of Trog.
             Slain by a slave (6 damage)
             ... led by Pikel
             ... on level 5 of the Dungeon.
             The game lasted 00:44:00 (6273 turns).

KarmaPolice the Skirmisher (Human Berserker)        Turns: 6273, Time: 00:44:01

Health: -2/62      AC: 12    Str: 20    XL:     8   Next: 21%
Magic:  8/8        EV: 13    Int:  7    God:    Trog [***...]
Gold:   121        SH:  0    Dex: 13    Spells: 0 memorised, 7 levels left

rFire  . . .     SeeInvis .     a - +0 spear
rCold  . . .     Gourm    .     N - +2 ring mail {rN+}
rNeg   + . .     Faith    .     (no shield)
rPois  .         Spirit   .     (no helmet)
rElec  .         Dismiss  .     (no cloak)
rCorr  .         Reflect  .     l - +0 pair of gloves
SustAt .         Harm     .     L - +2 pair of boots
MR     +....                    (no amulet)
Stlth  +.........               (no ring)
                                B - ring of protection from magic

@: somewhat resistant to hostile enchantments, very unstealthy
A: no striking features
a: Berserk, Trog's Hand, Burn Spellbooks, Renounce Religion


You were on level 5 of the Dungeon.
You worshipped Trog.
Trog was most pleased with you.
You were not hungry.

You visited 1 branch of the dungeon, and saw 6 of its levels.

You collected 121 gold pieces.

Inventory:

Hand Weapons
 a - a +0 spear (weapon)
 g - a +0 hunting sling
 h - a +0 whip
 i - a +0 short sword
 k - a +0 hand axe
 o - a +0 dagger
 p - a +0 blowgun
 r - a +0 dagger
 t - a +2 dagger of draining
 u - a +0 vampiric spear
 D - a +0 rapier
 E - a +0 flail
 M - a +0 mace of protection
 Q - a +0 whip
 S - a +0 dagger
 V - a +0 short sword
 Y - a +0 hand axe
 Z - a +0 hand axe
Missiles
 d - 168 stones (quivered)
 j - 54 arrows
 s - 35 poisoned needles
 F - 49 bolts
Armour
 b - a +0 animal skin
 e - a +0 ring mail
 l - a +0 pair of gloves (worn)
 G - a +0 leather armour
 L - a +2 pair of boots (worn)
 N - a +2 ring mail of positive energy (worn)
 O - a +0 robe
 W - a +0 robe
Jewellery
 B - a ring of protection from magic (left hand)
Wands
 w - a wand of random effects (36/48)
 y - a wand of iceblast (10/15)
Scrolls
 f - 4 scrolls of enchant weapon {unknown}
 m - 3 scrolls of identify {unknown}
 q - a scroll of noise {unknown}
 A - 3 scrolls of remove curse {unknown}
 C - 3 scrolls of random uselessness {unknown}
 K - a scroll of amnesia {unknown}
Potions
 c - a potion of flight {unknown}
 n - 4 potions of curing {unknown}
 v - 2 potions of degeneration {unknown}
 z - a potion of haste {unknown}
 H - a potion of lignification {unknown}
 R - 2 potions of heal wounds {unknown}
 U - a potion of cancellation {unknown}
Comestibles
 x - a beef jerky
 T - a bread ration


   Skills:
 * Level 5.1 Fighting
 - Level 1.2(3.3) Axes
 * Level 1.3(1.5) Maces & Flails
 * Level 4.7(4.8) Polearms
 * Level 4.6 Armour
 - Level 4.9 Dodging
 + Level 0.4 Stealth


You had 7 spell levels left.
You didn't know any spells.

Dungeon Overview and Level Annotations

Branches:
Dungeon (6/15)
 Temple: D:4-7

Altars:
Pakellas
Ru

Annotations:
D:5 Pikel


Message History

You hit the slave.
The slave is almost dead.
The slave hits you but does no damage.
Your ring mail prevents you from hitting the slave.
The slave is almost dead.
The slave hits you.
* * * LOW HITPOINT WARNING * * *
You hit the slave but do no damage.
The slave is almost dead.
The slave hits you but does no damage.
You closely miss the slave.
The slave is almost dead.
The slave hits you.
* * * LOW HITPOINT WARNING * * *
You closely miss the slave.
The slave is almost dead.
You closely miss the slave.
The slave is almost dead.
The slave hits you.
You die...

#.#.#.....#.###.##..
#####.#.#.###.#...#.##.#
#...........).(.#<#.....
#.....#.#.###.#.#.###.
#.....#.#.......#.# #.##
#.....#.#....##.#.###.##
#.... #[#....##..>.....#
#### #)#....####.###...
#@pK...'......#...
#######.#....#########..
#.......#....# #..[)...
#.......#....####.####..
#.......................
#.................####..
#.................####..
########................
##########..###.#


You could see Pikel and a slave.

Vanquished Creatures
  A slave (D:6)
  A phantom (D:5)
  2 ogres
  A giant frog (D:6)
  2 scorpions
  A crimson imp (D:5)
  2 orc priests (D:5)
  A hound (D:5)
  An iguana (D:4)
  Ijyb (D:2)
  An orc wizard (D:5)
  A worker ant (D:4)
  A worker ant zombie (D:5)
  3 gnolls (D:4)
  8 adders
  An adder skeleton (D:5)
  A worm (D:4)
  A dart slug (D:1)
  4 giant geckos (D:3)
  7 orcs
  4 giant cockroaches
  11 goblins
  7 hobgoblins
  12 jackals
  A quokka (D:4)
  3 ball pythons
  3 bats
  A giant newt (D:2)
  A jackal zombie (D:5)
  9 kobolds
  2 rats
95 creatures vanquished.

Notes
Turn   | Place    | Note
--------------------------------------------------------------
     0 | D:1      | KarmaPolice the Human Berserker began the quest for the Orb.
     0 | D:1      | Reached XP level 1. HP: 18/18 MP: 1/1
   261 | D:1      | Reached XP level 2. HP: 23/24 MP: 2/2
   825 | D:2      | Reached XP level 3. HP: 29/29 MP: 3/3
   922 | D:2      | Reached ** piety under Trog
  1081 | D:2      | Noticed Ijyb
  1121 | D:2      | Reached XP level 4. HP: 17/37 MP: 4/4
  1133 | D:2      | Killed Ijyb
  1512 | D:2      | Reached XP level 5. HP: 33/42 MP: 5/5
  1614 | D:2      | Paralysed by fainting for 11 turns
  2615 | D:4      | Reached *** piety under Trog
  2615 | D:4      | Reached skill level 4 in Fighting
  2704 | D:4      | Noticed an ogre
  2734 | D:4      | Reached XP level 6. HP: 20/48 MP: 6/6
  2748 | D:4      | Killed an ogre
  3096 | D:4      | Reached skill level 1 in Axes
  3275 | D:4      | Found a sacrificial altar of Ru.
  3388 | D:4      | Reached XP level 7. HP: 30/54 MP: 7/7
  3728 | D:4      | Found an oddly glowing altar of Pakellas.
  3728 | D:4      | Noticed a rakshasa
  4787 | D:5      | Entered Level 5 of the Dungeon
  5496 | D:5      | Reached skill level 1 in Maces & Flails
  5954 | D:5      | Reached XP level 8. HP: 29/61 MP: 8/8
  6203 | D:6      | Noticed Pikel
  6211 | D:6      | Reached skill level 5 in Fighting
  6240 | D:5      | HP: 2/62 [hound (4)]
  6271 | D:5      | HP: 3/62 [slave[Pikel] (6)]
  6273 | D:5      | Slain by a slave

Skill      XL: |  1  2  3  4  5  6  7  8 |
---------------+-------------------------+-----
Dodging        | 3 4 |  4.9
Fighting       | 4 5 |  5.1
Armour         | 3 4 |  4.6
Axes           | 1 |  1.2
Polearms       | 4 |  4.7
Maces & Flails | 1 |  1.3
Stealth        | |  0.4

Action                   |  1- 3 |  4- 6 |  7- 9 || total
-------------------------+-------+-------+-------++-------
Melee: Spear             |   153 |   344 |   278 ||   775
Invok: Trog's Hand       |       |     2 |     1 ||     3
  Eat: Bread ration      |       |     2 |     1 ||     3
       Meat ration       |       |       |     1 ||     1
Armor: Ring mail         |    88 |   119 |   100 ||   307
       Animal skin       |       |    15 |       ||    15
Dodge: Dodged            |   145 |   250 |   190 ||   585
